 Dungeon Crawl Stone Soup version 0.32-a0-986-ga09f62fbf4 (console) character file.

Game seed: 14637638510227939334

97163 ShinQuickMan the Thaumaturge (level 16, -3/115 HPs)
             Began as a Human Conjurer on Apr 21, 2024.
             Was the Champion of Vehumet.
             Slain by a +7 long sword (16 damage)
             ... on level 14 of the Dungeon on Apr 22, 2024.
             The game lasted 01:41:15 (20047 turns).

ShinQuickMan the Thaumaturge (Human Conjurer)      Turns: 20047, Time: 01:41:15

Health: -3/115     AC: 12    Str:  9    XL:     16   Next: 18%
Magic:  17/42      EV: 10    Int: 34    God:    Vehumet [******]
Gold:   800        SH:  0    Dex: 12    Spells: 12/42 levels left

rFire   . . .        W - staff of Dool {*Corrode rC+ Int+6 Stlth+ Earth}
rCold   + . .        (no shield)
rNeg    . . .        a - +0 troll leather armour
rPois   .            Y - +1 hat {Int+3}
rElec   .            O - +1 cloak
rCorr   +            S - +0 pair of gloves
SInv    .            p - +0 pair of boots
Will    +....        X - amulet "Tanosen" {+Inv RegenMP+ rCorr}
Stlth   ++           U - ring of magical power
HPRegen 1.19/turn    e - +4 ring of protection
MPRegen 0.68/turn

%: corrode self (3%)
@: radiating poison, spewing sludge, very slow
A: explore regen
a: Renounce Religion, Evoke Invisibility


You were on level 14 of the Dungeon.
You worshipped Vehumet.
Vehumet was exalted by your worship.
You visited 4 branches of the dungeon, and saw 22 of its levels.
You also visited: Ossuary and Volcano.

You collected 2238 gold pieces.
You spent 1438 gold pieces at shops.

Inventory:

Hand Weapons
 A - a +2 arbalest of electrocution
 F - the +9 mace of Watoyger {venom, rF+ Str+2 Stlth+}
   (You found it on level 3 of the Lair of Beasts)

   Str+2:     It affects your strength (+2).
   rF+:       It protects you from fire.
   Stlth+:    It makes you more stealthy.
Missiles
 D - 4 curare-tipped darts
Armour
 a - a +0 troll leather armour (worn)
 p - a +0 pair of boots (worn)
 O - a +1 cloak (worn)
 S - a +0 pair of gloves (worn)
 Y - a +1 hat of intelligence (worn)
Magical Staves
 q - a staff of cold
 W - the staff of Dool (weapon) {*Corrode rC+ Int+6 Stlth+ Earth}
   (You found it on level 5 of the Lair of Beasts)

   [staff of earth]

   Base accuracy: +5 Base damage: 5 Base attack delay: 1.2 This weapon's minimum
   attack delay (0.6) is reached at skill level 12.
   Int+6:     It affects your intelligence (+6).
   rC+:       It protects you from cold.
   *Corrode:  It may corrode you when you take damage.
   Stlth+:    It makes you more stealthy.
   Earth:     It increases the power of your Earth spells.
   It falls into the 'Staves' category.
   It is a one-handed weapon.
Jewellery
 e - a +4 ring of protection (right hand)
 h - a ring of positive energy
 k - a ring of positive energy
 s - a ring of protection from fire
 T - a ring of poison resistance
 U - a ring of magical power (left hand)
 X - the amulet "Tanosen" (around neck) {+Inv RegenMP+ rCorr}
   (You bought it in a shop on level 11 of the Dungeon)

   [amulet of magic regeneration]

   It increases your rate of magic regeneration.
   +Inv:      It lets you turn invisible.
   rCorr:     It protects you from acid and corrosion.
   RegenMP+:  It increases your rate of magic regeneration.
Wands
 c - a wand of roots (20)
 N - a wand of flame (52)
 Q - a wand of digging (12)
 Z - a wand of acid (4)
Scrolls
 d - 13 scrolls of teleportation
 f - a scroll of fog
 i - 2 scrolls of brand weapon
 l - a scroll of torment
 n - a scroll of immolation
Potions
 b - 5 potions of magic
 g - 2 potions of resistance {unknown}
 j - 3 potions of mutation {unknown}
 m - 7 potions of curing
 o - 4 potions of enlightenment {unknown}
 u - 4 potions of might {unknown}
 v - 4 potions of berserk rage {unknown}
 x - 10 potions of heal wounds
 G - 3 potions of lignification {unknown}
 H - 6 potions of cancellation
 I - a potion of haste {unknown}
 J - 6 potions of attraction


   Skills:
 - Level 7.0 Fighting
 - Level 2.0 Dodging
 - Level 2.0 Stealth
 + Level 13.8 Spellcasting
 - Level 11.0 Conjurations
 - Level 4.0 Translocations
 - Level 13.0 Ice Magic
 - Level 13.0 Earth Magic
 - Level 11.0 Alchemy


You had 12 spell levels left.
You knew the following spells:

 Your Spells              Type           Power      Damage    Failure   Level
a - Magic Dart            Conj           100%       1d8       1%          1
b - Searing Ray           Conj           100%       2d8       1%          2
c - Fulminant Prism       Conj/Alch      39%        3d17      1%          4
d - Iskenderun's Mystic   Conj/Tloc      65%        2d13      (+2d71%     4
e - Olgreb's Toxic Radia  Alch           78%        N/A       1%          4
f - Eringya's Noxious Bo  Alch           39%        4d6       1%          6
g - Permafrost Eruption   Ice/Erth       53%        2x4d12    1%          6
o - Ozocubu's Armour      Ice            84%        N/A       1%          3

Your spell library contained the following spells:

 Spells                   Type           Power      Damage    Failure   Level
 Starburst                Conj/Fire      28%        6d9       11%         6
 Hailstorm                Conj/Ice       81%        3d14      1%          3
 Summon Ice Beast         Ice/Summ       61%        N/A       1%          3
 Volatile Blastmotes      Fire/Tloc      74%        2d16      1%          3
 Summon Small Mammal      Summ           92%        N/A       2%          1
 Sculpt Simulacrum        Ice/Alch       40%        N/A       2%          6
 Call Canine Familiar     Summ           23%        N/A       8%          3
 Fugue of the Fallen      Necr           23%        N/A       8%          3
 Summon Blazeheart Golem  Fire/Summ      23%        N/A       26%         4
 Manifold Assault         Tloc           25%        N/A       99%         7


Dungeon Overview and Level Annotations

Branches:
Dungeon (14/15)            Temple (1/1) D:4            Lair (5/5) D:8
 Shoals (0/4) Lair:2       Spider (0/4) Lair:2        Slime (0/5) Lair:4
    Orc (2/2) D:12            Elf (0/3) Orc:2       Ossuary (visited)
Volcano (visited)
 Vaults: D:13-14

Altars:
Ashenzari
Cheibriados
Dithmenos
Elyvilon
Fedhas
Gozag
Hepliaklqana
Kikubaaqudgha
Makhleb
Nemelex Xobeh
Okawaru
Qazlal
Ru
Sif Muna
Trog
Uskayaw
Vehumet
Wu Jian
Xom
Yredelemnul
Zin
The Shining One
Beogh
Jiyva

Shops:
D:10 [   D:11 ?![?=   Orc:2 *[(:


Innate Abilities, Weirdness & Mutations

You regain HP and MP as you explore.


Message History

The purple ugly thing is almost dead.
Piercing cold boils outward!
The piercing cold hits the purple ugly thing!!
You kill the purple ugly thing!
Vehumet accepts your kill.
You feel your power returning.
The piercing cold hits the purple ugly thing!!
The purple ugly thing is almost dead.
The centaur looks even sicker.
The centaur shoots an arrow.
The arrow hits you. The +7 long sword hits you!!
Casting: Permafrost Eruption (mildly dangerous; 1% risk of failure)
Confirm with . or Enter, or press ? or * to list all spells.
You feel a surge of power!
Bitter cold erupts, blasting rock from the ceiling!
The mass of rock hits the centaur!!!
You kill the centaur!
Vehumet accepts your kill.
You feel your power returning.
Piercing cold boils outward!
You kill the purple ugly thing!
Vehumet accepts your kill. The +7 long sword barely misses you.
The +7 long sword hits you!!
A centaur comes into view.
A centaur warrior comes into view.
Casting: Permafrost Eruption (mildly dangerous; 1% risk of failure)
Confirm with . or Enter, or press ? or * to list all spells.
You feel a surge of power!
Bitter cold erupts, blasting rock from the ceiling!
The mass of rock hits the centaur!!
You kill the centaur!
Vehumet accepts your kill.
You feel your power returning.
Piercing cold boils outward!
Vehumet accepts your kill.
You feel a bit more experienced.
The piercing cold hits the centaur warrior!!
The centaur warrior is moderately wounded.
The centaur warrior is poisoned.
The +7 long sword hits you!!
The centaur warrior wields a +0 orcbow.
The centaur warrior shoots an arrow.
The arrow hits you!!
* * * LOW HITPOINT WARNING * * *
The +7 long sword hits you!
You die...

.## .. †. ....##. ..
.......##.## .)).~~~.#u†#
.c..~~~~~~.# #
#..~~~~~~.### #
#..~~(~.#.### ####
#.~@~~~.##^# #...
.#######~~~~~~..... ######
........~~~~~~.....##.#.#.
........~~~~~.####........
#....######.~~~~.# #......#
#.... ##.....# #..... #...
##.....## #..... #...##
##.......# ##..... #...#
##....##..## ##..<...
#...###...####...###.......


You could see a red ugly thing (poisoned), a centaur warrior (poisoned) and a +7
long sword.

Vanquished Creatures
  Kirke (Lair:3)
  Gastronok (D:11)
  2 orc warlords (Orc:2)
  A red draconian (Volcano)
  An ettin (Orc:2)
  Erolcha (D:11)
  2 catoblepae (Lair:5)
  A centaur warrior (D:13)
  7 hydras
  An ogre mage (Volcano)
  8 death yaks
  8 two-headed ogres
  4 boulder beetles
  Erica (D:9)
  2 tengu warriors
  2 orc high priests (Orc:2)
  Nergalle (Lair:3)
  Urug (D:11)
  Sonja (Lair:4)
  2 skysharks
  3 lindwurms
  2 deep elf pyromancers
  4 obsidian bats (Orc:2)
  2 harpies (Lair:2)
  6 orc knights
  7 orc sorcerers
  6 ugly things (D:14)
  An oklob plant (Lair:1)
  Maurice (D:7)
  A meliai (Lair:2)
  6 black mambas
  7 kobold blastminers
  A gargoyle (D:11)
  12 cane toads
  2 unseen horror zombies (D:8)
  A rime drake (Lair:1)
  12 komodo dragons
  A tengu conjurer (D:13)
  11 trolls
  6 hornets (Lair:5)
  12 polar bears
  A tarantella (Lair:1)
  2 jumping spiders (Lair:1)
  7 blink frogs
  13 dream sheep
  16 slime creatures
  Sigmund (D:2)
  2 shadows
  2 basilisks
  3 wraiths
  A vampire (D:11)
  13 spriggans (Lair:5)
  41 yaks
  13 wargs
  4 wyverns
  A redback (Lair:1)
  2 steam dragons
  3 humans (Lair:3)
  14 vampire mosquitoes
  Menkaure (D:5)
  An acid dragon (D:10)
  Edmund (D:5)
  14 water moccasins
  Duvessa (D:5)
  3 ice beasts
  3 black bears
  41 orc warriors
  2 sky beasts (D:7)
  7 ogres
  16 wolves (Lair:5)
  14 centaurs
  4 boggarts (Lair:5)
  A kobold brigand (D:8)
  A weeping skull (Ossuary)
  3 gnoll sergeants
  11 bullfrogs
  5 water moccasin zombies (Ossuary)
  A wyvern zombie (D:8)
  2 scorpions
  22 wights
  Dowan (D:5)
  7 killer bees
  5 howler monkeys
  An electric eel (Lair:5)
  A bombardier beetle (D:6)
  4 centaur zombies (D:8)
  A jelly (D:6)
  2 lava snakes (Lair:1)
  5 hounds
  A gnoll bouda (D:10)
  16 orc priests
  A spectral scorpion (Ossuary)
  Crazy Yiuf (D:2)
  3 iguanas
  22 orc wizards
  7 hell rats (Lair:1)
  A killer bee zombie (D:8)
  A crocodile zombie (Ossuary)
  3 mummies
  4 howler monkey zombies (D:8)
  26 gnolls
  2 adders (D:2)
  3 shadow imps
  3 white imps (D:7)
  4 ufetubi
  2 adder zombies (Ossuary)
  5 dart slugs
  92 orcs
  2 endoplasms (D:2)
  4 giant cockroaches
  8 goblins
  9 hobgoblins
  3 quokkas
  3 ball pythons
  13 bats
  6 frilled lizards
  4 gnoll zombies (Ossuary)
  3 jackal zombies (Ossuary)
  6 kobolds
  A kobold zombie (D:4)
  6 orc zombies
  8 rats
745 creatures vanquished.

Vanquished Creatures (others)
  124 fulminant prisms
124 creatures vanquished.

Grand Total: 869 creatures vanquished

Notes
Turn   | Place    | Note
-------+----------+-------------------------------------------
     0 | D:1      | ShinQuickMan the Human Conjurer began the quest for the
                  | Orb.
     0 | D:1      | Reached XP level 1. HP: 13/13 MP: 3/3
   199 | D:1      | Reached skill level 1 in Alchemy
   208 | D:1      | Reached XP level 2. HP: 11/19 MP: 0/5
   313 | D:1      | Learned a level 2 spell: Searing Ray
  1091 | D:2      | Reached XP level 3. HP: 24/24 MP: 3/6
  1190 | D:2      | Noticed Sigmund
  1328 | D:2      | Reached XP level 4. HP: 30/30 MP: 3/8
  1479 | D:2      | Found a runed translucent door.
  1480 | D:2      | Noticed Crazy Yiuf
  2237 | D:3      | Identified the +1 ring mail of the Boiling Point {rElec
                  | Str+3 SInv}
  2280 | D:3      | Learned a level 4 spell: Fulminant Prism
  2377 | D:3      | Reached XP level 5. HP: 35/35 MP: 2/9
  2547 | D:4      | Noticed an ogre
  2580 | D:4      | Found a sand-covered staircase.
  2744 | D:4      | Found a staircase to the Ecumenical Temple.
  2753 | Temple   | Entered the Ecumenical Temple
  2956 | Temple   | Became a worshipper of Vehumet
  3017 | D:4      | Reached XP level 6. HP: 18/41 MP: 6/11
  3118 | Ossuary  | Entered an ossuary
  3151 | Ossuary  | Reached skill level 1 in Translocations
  3282 | Ossuary  | Reached * piety under Vehumet
  3282 | Ossuary  | Offered knowledge of Sting by Vehumet.
  3283 | Ossuary  | Reached skill level 5 in Conjurations
  3283 | Ossuary  | Reached XP level 7. HP: 38/46 MP: 2/13
  3788 | D:2      | Killed Sigmund
  3917 | D:5      | Entered Level 5 of the Dungeon
  4030 | D:5      | Noticed Menkaure
  4035 | D:5      | Reached XP level 8. HP: 53/53 MP: 5/14
  4090 | D:5      | Killed Menkaure
  4091 | D:5      | Reached skill level 1 in Fighting
  4389 | D:5      | Noticed Duvessa
  4389 | D:5      | Noticed Dowan
  4411 | D:5      | Killed Duvessa
  4412 | D:5      | Killed Dowan
  4434 | D:5      | Noticed Edmund
  4918 | D:4      | Offered knowledge of Scorch by Vehumet.
  4962 | D:5      | Killed Edmund
  5287 | D:4      | Reached XP level 9. HP: 66/66 MP: 2/15
  5357 | D:6      | Reached ** piety under Vehumet
  5411 | D:6      | Reached skill level 5 in Fighting
  5461 | D:6      | Learned a level 4 spell: Iskenderun's Mystic Blast
  5724 | D:6      | Offered knowledge of Mephitic Cloud by Vehumet.
  5960 | D:6      | Found a glowing golden altar of the Shining One.
  6209 | D:7      | Noticed Maurice
  6229 | D:7      | Killed Maurice
  6230 | D:7      | Reached skill level 10 in Conjurations
  6317 | D:7      | Reached *** piety under Vehumet
  6343 | D:7      | Reached skill level 5 in Spellcasting
  6482 | D:7      | Reached XP level 10. HP: 74/74 MP: 11/18
  6564 | D:7      | Offered knowledge of Hailstorm by Vehumet.
  6980 | D:8      | Found a staircase to the Lair.
  6992 | D:8      | Reached **** piety under Vehumet
  7019 | D:8      | Offered knowledge of Airstrike by Vehumet.
  7940 | D:9      | Identified the +1 chain mail "Facaut" {Str+3}
  8068 | D:9      | Noticed Erica
  8083 | D:9      | Killed Erica
  8084 | D:9      | Reached skill level 10 in Spellcasting
  8084 | D:9      | Reached XP level 11. HP: 79/79 MP: 4/25
  8438 | D:10     | Entered Level 10 of the Dungeon
  8496 | D:10     | Reached ***** piety under Vehumet
  8521 | D:10     | Offered knowledge of Olgreb's Toxic Radiance by Vehumet.
  8529 | D:10     | Learned a level 4 spell: Olgreb's Toxic Radiance
  8545 | D:10     | Found Mutuele's Armour Emporium.
  8553 | D:10     | Noticed a two-headed ogre
  8571 | D:10     | Killed a two-headed ogre
  8946 | D:10     | Noticed a two-headed ogre
  8964 | D:10     | Killed a two-headed ogre
  8965 | D:10     | Reached skill level 5 in Alchemy
  9222 | D:10     | Identified the +8 plate armour of the Snallygaster {Dex+2}
  9274 | D:10     | Identified the +0 ring mail of the Blue Skies {rN+ rCorr
                  | Dex-2 Slay+3}
  9559 | D:11     | Noticed a two-headed ogre
  9638 | D:11     | Found Cuoly's Magic Scroll Boutique.
  9651 | D:11     | Bought a scroll of amnesia for 68 gold pieces
  9651 | D:11     | Bought a scroll of identify for 34 gold pieces
  9651 | D:11     | Bought a scroll of identify for 34 gold pieces
  9651 | D:11     | Bought a scroll of identify for 34 gold pieces
  9652 | D:11     | Identified a scroll of acquirement
  9655 | D:11     | Acquired a book of Battle
  9667 | D:11     | Noticed a tengu warrior
  9683 | D:11     | Killed a tengu warrior
  9684 | D:11     | Reached XP level 12. HP: 80/86 MP: 4/27
  9714 | D:11     | Found Tywif's Armour Emporium.
  9723 | D:11     | Noticed Erolcha
  9735 | D:11     | Killed Erolcha
  9818 | D:11     | Found Loso's Magic Scroll Boutique.
  9831 | D:11     | Found Weaciufe's Distillery.
  9889 | D:11     | Noticed Urug
  9924 | D:11     | Killed Urug
 10159 | D:11     | Found Ynolom's Jewellery Emporium.
 10167 | D:11     | Bought the amulet "Tanosen" {+Inv RegenMP+ rCorr} for 496
                  | gold pieces
 10252 | D:11     | Killed a two-headed ogre
 10355 | D:11     | Noticed Gastronok
 10380 | D:11     | Killed Gastronok
 10429 | D:12     | Noticed a boulder beetle
 10438 | D:12     | Killed a boulder beetle
 10591 | D:12     | Reached skill level 1 in Ice Magic
 10727 | D:12     | Learned a level 3 spell: Ozocubu's Armour
 10811 | D:12     | Offered knowledge of Sticky Flame by Vehumet.
 10848 | D:12     | Found a staircase to the Orcish Mines.
 10946 | D:12     | Noticed a two-headed ogre
 10961 | D:12     | Killed a two-headed ogre
 11162 | Orc:1    | Entered Level 1 of the Orcish Mines
 11182 | Orc:1    | Reached skill level 5 in Ice Magic
 11198 | Orc:1    | Reached XP level 13. HP: 89/93 MP: 29/29
 11593 | Orc:2    | Entered Level 2 of the Orcish Mines
 11684 | Orc:2    | Offered knowledge of Eringya's Noxious Bog by Vehumet.
 11701 | Orc:2    | Learned a level 6 spell: Eringya's Noxious Bog
 11708 | Orc:2    | Found a staircase to the Elven Halls.
 11871 | Orc:2    | Reached skill level 10 in Alchemy
 11919 | Orc:2    | Found a roughly hewn altar of Beogh.
 12175 | Orc:2    | Noticed an orc warlord
 12208 | Orc:2    | Killed an orc warlord
 12262 | Orc:2    | Found a roughly hewn altar of Beogh.
 12291 | Orc:2    | Found Fyaqoripp's Book Shop.
 12300 | Orc:2    | Bought a book of the Tundra for 572 gold pieces
 12349 | Orc:2    | Reached skill level 1 in Earth Magic
 12489 | Orc:2    | Found a roughly hewn altar of Beogh.
 12553 | Orc:2    | Noticed an ettin
 12561 | Orc:2    | Killed an ettin
 12562 | Orc:2    | Reached XP level 14. HP: 97/100 MP: 31/31
 12577 | Orc:2    | Found a roughly hewn altar of Beogh.
 12585 | Orc:2    | Found Liclug's Assorted Antiques.
 12592 | Orc:2    | Bought a cyan potion for 30 gold pieces
 12639 | Orc:2    | Noticed an orc warlord
 12669 | Orc:2    | Killed an orc warlord
 12696 | Orc:2    | Offered knowledge of Freezing Cloud by Vehumet.
 12704 | Orc:2    | Found Ziofeu Xest's Antique Weapon Shoppe.
 12705 | Orc:2    | Found a roughly hewn altar of Beogh.
 12707 | Orc:2    | Found Bamunt's Antique Armour Emporium.
 13052 | Lair:1   | Entered Level 1 of the Lair of Beasts
 13052 | Lair:1   | Found an ornate altar of the Wu Jian Council.
 13062 | Lair:1   | Reached skill level 5 in Earth Magic
 13107 | Lair:1   | Learned a level 6 spell: Permafrost Eruption
 13715 | Lair:1   | Reached skill level 10 in Ice Magic
 13836 | Lair:1   | Found a runed translucent door.
 14145 | D:2      | Killed Crazy Yiuf
 14311 | Lair:1   | Found a runed translucent gate.
 14311 | Lair:1   | Found a runed translucent gate.
 14311 | Lair:1   | Found a runed translucent gate.
 14311 | Lair:1   | Found a runed translucent gate.
 14311 | Lair:1   | Found a runed translucent gate.
 14311 | Lair:1   | Found a runed translucent gate.
 14596 | Orc:2    | Bought a cabochon ring for 170 gold pieces
 14831 | Lair:2   | Found a hole to the Spider Nest.
 14868 | Lair:2   | Identified the +1 chain mail of the Slug {rF++ Regen+
                  | Int+3}
 14974 | Lair:2   | Found a staircase to the Shoals.
 15106 | Lair:2   | Found a dark tunnel.
 15116 | Volcano  | Entered a volcano
 15171 | Volcano  | Noticed a red draconian
 15179 | Volcano  | Killed a red draconian
 15179 | Volcano  | Offered knowledge of Arcjolt by Vehumet.
 15286 | Volcano  | Paralysed by an ogre mage for 3 turns
 15982 | Lair:3   | Noticed Kirke
 15984 | Lair:3   | Noticed a sphinx
 15984 | Lair:3   | Paralysed by a sphinx for 4 turns
 15989 | Lair:3   | Killed Kirke
 16035 | Lair:3   | Identified the +9 mace of Watoyger {venom, rF+ Str+2
                  | Stlth+}
 16512 | Lair:3   | Noticed Nergalle
 16514 | Lair:3   | Killed Nergalle
 16826 | Lair:4   | Found a viscous altar of Jiyva.
 16826 | Lair:4   | Found a staircase to the Slime Pits.
 16831 | Lair:4   | Reached XP level 15. HP: 105/105 MP: 32/32
 16879 | Lair:4   | Found a radiant altar of Vehumet.
 17051 | Lair:4   | Noticed Sonja
 17052 | Lair:4   | Killed Sonja
 17053 | Lair:4   | Reached skill level 10 in Earth Magic
 17450 | Lair:5   | Entered Level 5 of the Lair of Beasts
 17544 | Lair:5   | Reached ****** piety under Vehumet
 17696 | Lair:5   | Offered knowledge of Magnavolt by Vehumet.
 17915 | Lair:5   | Identified the staff of Dool {*Corrode rC+ Int+6 Stlth+
                  | Earth}
 18978 | D:13     | Reached XP level 16. HP: 98/111 MP: 14/33
 19638 | D:14     | Offered knowledge of Starburst by Vehumet.
 20047 | D:14     | Slain by a +7 long sword

Illustrated notes

Levels and vault maps discovered:
D:1:      mrwooster_arrival_arrow, layout_basic, serial_forest,
          infiniplex_forest_zigzag_1, infiniplex_forest_end_double,
          infiniplex_forest_lined_3, infiniplex_forest_straight_2,
          infiniplex_forest_fountain, infiniplex_forest_clump_cross,
          infiniplex_forest_diagonal, infiniplex_forest_corner_2, minivault_24,
          minmay_pentomino_z4
D:2:      kennysheep_six_static_rooms, layout_basic, minmay_diced_spiral,
          uniq_sigmund, uniq_crazy_yiuf_cottage
D:3:      minmay_door_path, layout_basic
D:4:      layout_cave_pools, minmay_temple_entry_slanted,
          nicolae_ossuary_entry_giza
D:5:      wander_river, layout_cave_pods, uniq_duvessa, uniq_edmund,
          uniq_menkaure
D:6:      layout_loops_ring, amcnicky_altar_gilded, roderic_batcave, hex_medium,
          nicolae_elevator_lobby_plus
D:7:      layout_basic, kennysheep_generic_room_8, uniq_maurice
D:8:      layout_loops_cross, lair_entry_dummy, serial_undead, serial_undead_a,
          serial_undead_c, serial_undead_f, serial_undead_b, serial_undead_a,
          serial_undead_a, serial_undead_b
D:9:      layout_roguey, uniq_erica
D:10:     layout_loops_corners, serial_shops, shop
D:11:     layout_irregular_city, serial_shops, shop, shop, shop_statue,
          shop_fountains, shop, hangedman_abyss_or_decor_stabs, uniq_gastronok,
          uniq_erolcha, uniq_urug
D:12:     layout_roguey, hiddenorc1_lemuel
D:13:     layout_loops_ring, dreamdust_princess_bridge
D:14:     layout_layer_cave, erik_vaults_1, kennysheep_boxes
Temple:   mainiacjoe_temple_starburst
Lair:1:   gammafunk_indiana_jones, layout_cave_pods, lemuel_oklob_altar
Lair:2:   layout_regular_city, nicolae_shoals_entry_roost,
          hellmonk_spider_entry_not_the_bees, enter_volcano_1
Lair:3:   layout_regular_city, st_stairs_5, grunt_megastairs_5, uniq_kirke,
          uniq_nergalle
Lair:4:   layout_misc_corridors, slime_entry_1, lemuel_altar_in_water2,
          beast_lair_carwin_11, infiniplex_staircase_pool_2,
          lemuel_fruit_fields, uniq_sonja
Lair:5:   minmay_lair_end_enchanted_forest, layout_regular_city,
          lookout_lair_type, chequers_serial_rivers_marsh,
          grunt_forest_small_clearings, serial_bayou_pond_b
Orc:1:    layout_caves, serial_shops, special_room [special_room_orc]
Orc:2:    grunt_orc_community_town_hall, layout_caves,
          grunt_orc_community_big_house_2, grunt_orc_community_big_house_1,
          grunt_orc_community_house_2, grunt_orc_community_house_1,
          grunt_orc_community_house_1, grunt_orc_community_house_1,
          grunt_orc_community_house_1, grunt_orc_community_house_1

Skill      XL: |  1  2  3  4  5  6  7  8  9 10 11 12 13 14 15 16 |
---------------+-------------------------------------------------+-----
Alchemy        | 1 2 3 4 8 9 11 | 11.0
Spellcasting   | 3 4 5 10 11 12 13 | 13.8
Translocations | 2 4 |  4.0
Conjurations   | 5 6 8 10 11 | 11.0
Fighting       | 4 5 6 7 |  7.0
Ice Magic      | 5 9 11 13 | 13.0
Earth Magic    | 2 9 13 | 13.0
Dodging        | |  2.0
Stealth        | |  2.0

Action                     |  1- 3 |  4- 6 |  7- 9 | 10-12 | 13-15 | 16-18 || total
---------------------------+-------+-------+-------+-------+-------+-------++-------
  Melee: Dagger            |    20 |    20 |    17 |     1 |       |       ||    58
         Unarmed           |     1 |       |       |       |       |       ||     1
         Hand axe          |       |    29 |    39 |       |       |       ||    68
         Great sword       |       |       |    29 |   110 |     5 |       ||   144
         Staff             |       |       |       |       |    71 |     3 ||    74
  Throw: Dart              |       |       |    27 |     1 |     1 |       ||    29
   Cast: Magic Dart        |    21 |     2 |     3 |     2 |       |       ||    28
         Searing Ray       |    16 |    37 |    35 |    33 |     7 |     1 ||   129
         Fulminant Prism   |       |       |    35 |    80 |     9 |     1 ||   125
         Iskenderun's Myst |       |       |       |    38 |   107 |     4 ||   149
         Olgreb's Toxic Ra |       |       |       |    61 |   132 |     2 ||   195
         Ozocubu's Armour  |       |       |       |     1 |    55 |       ||    56
         Eringya's Noxious |       |       |       |       |    79 |     2 ||    81
         Permafrost Erupti |       |       |       |       |    69 |    23 ||    92
  Evoke: Wand              |       |       |     3 |     1 |     1 |       ||     5
    Use: Scroll            |       |     4 |       |    10 |     7 |     1 ||    22
   Stab: Sleeping          |     2 |     3 |       |       |       |       ||     5
         Distracted        |       |       |       |     1 |       |       ||     1
 Armour: Robe              |    24 |    45 |   136 |   114 |       |       ||   319
         Steam dragon scal |       |       |       |    18 |       |       ||    18
         Ring mail         |       |       |       |    63 |       |       ||    63
         Troll leather arm |       |       |       |    31 |   259 |     9 ||   299
         Leather armour    |       |       |       |       |     3 |       ||     3
  Dodge: Dodged            |    32 |    47 |   133 |   163 |   131 |     6 ||   512

Table legend: (Time is in decaauts)
 A = Elapsed time spent in this place.
 B = Non-inter-level travel time spent in this place.
 C = Inter-level travel time spent in this place.
 D = Time resting spent in this place.
 E = Time spent auto-exploring this place.
 F = Levels seen in this place.
 G = Mean time per level.
                   A        B        C        D        E       F      G
               +--------+--------+--------+--------+--------+-----+--------+
         Total |  20353 |  16472 |   3881 |    141 |   9490 |  24 |  848.0 |
       Dungeon |  12948 |  10080 |   2868 |      0 |   5870 |  14 |  924.9 |
        Temple |    113 |      6 |    107 |      0 |      0 |   1 |  113.0 |
          Lair |   4731 |   4186 |    545 |      0 |   2962 |   5 |  946.2 |
  Orcish Mines |   1764 |   1404 |    360 |      0 |    552 |   2 |  882.0 |
       Ossuary |    415 |    415 |      0 |     83 |      0 |   1 |  415.0 |
       Volcano |    380 |    380 |      0 |     58 |    105 |   1 |  380.0 |
               +--------+--------+--------+--------+--------+-----+--------+

Top non-repeatable levels by time:
  Lair:1: 1240 daAuts
   Orc:2: 1235 daAuts
     D:5: 1225 daAuts
    D:10: 1192 daAuts
  Lair:5: 1184 daAuts
     D:3: 1134 daAuts
     D:8: 1048 daAuts
     D:1: 1008 daAuts
    D:12: 1004 daAuts
    D:11: 990 daAuts
     D:7: 980 daAuts
     D:4: 966 daAuts
  Lair:3: 882 daAuts
     D:6: 827 daAuts
  Lair:2: 757 daAuts
